 Dungeon Crawl Stone Soup version 0.24.0-13-gcf9b319 (webtiles) character file.

Game seed: 593670655839392912, levelgen mode: deterministic

44 Bronimir the Insei (level 3, 0/26 HPs)
             Began as a Merfolk Transmuter on Mar 31, 2020.
             Succumbed to an adder's poison
             ... on level 2 of the Dungeon.
             The game lasted 00:03:04 (1619 turns).

Bronimir the Insei (Merfolk Transmuter)             Turns: 1619, Time: 00:03:04

Health: 0/26       AC:  2    Str: 11    XL:     3   Next: 60%
Magic:  1/6        EV: 13    Int: 12    God:
Gold:   40         SH:  0    Dex: 14    Spells: 0/6 levels left

rFire    . . .     SeeInvis .     - Unarmed
rCold    . . .     Gourm    .   (no shield)
rNeg     . . .     Faith    .   b - +0 robe
rPois    .         Spirit   .   (no helmet)
rElec    .         Reflect  .   (no cloak)
rCorr    .         Harm     .   (no gloves)
MR       .....                  (no boots)
Stlth    +.........             (no amulet)
HPRegen  0.08/turn              (no ring)
MPRegen  0.10/turn              (no ring)

@: lethally poisoned (0 -> -7)
A: change form in water, swift swim, stealthy swim
a: no special abilities


You were on level 2 of the Dungeon.
You were hungry.

You visited 1 branch of the dungeon, and saw 2 of its levels.

You collected 40 gold pieces.

Inventory:

Missiles
 a - 3 arrows
 c - 77 stones (quivered)
 e - 19 sling bullets
 i - 7 bolts
Armour
 b - a +0 robe (worn)
Scrolls
 f - a scroll of remove curse {unknown}
 h - a scroll of immolation {unknown}
 j - 2 scrolls of teleportation {unknown}
 k - a scroll of magic mapping {unknown}
Potions
 g - a potion of brilliance {unknown}
 l - a potion of resistance {unknown}
 m - a potion of agility {unknown}
Comestibles
 d - 2 rations


   Skills:
 + Level 1.1 Fighting
 * Level 3.2 Dodging
 - Level 0.1 Stealth
 * Level 4.1 Unarmed Combat
 * Level 2.3 Spellcasting
 * Level 3.3 Transmutations


You couldn't memorise any spells.
You knew the following spells:

 Your Spells              Type           Power        Failure   Level  Hunger
a - Beastly Appendage     Tmut           #.....       7%          1    ##.....
b - Sticks to Snakes      Tmut           #.......     11%         2    ###....
c - Spider Form           Tmut/Pois      #.........   38%         3    ####...

Your spell library contained the following spells:

 Spells                   Type           Power        Failure   Level  Hunger
 Ice Form                 Ice/Tmut       #.......     80%         4    #####..
 Blade Hands              Tmut           #.........   88%         5    ######.


Dungeon Overview and Level Annotations

Branches:
Dungeon (2/15)

Altars:


Message History

Your ball python dies!
The adder hisses angrily.
You barely miss the adder.
The adder is severely wounded.
You feel sick. The adder barely misses you.
Your ball python completely misses the adder.
Your ball python misses the adder.
You miss the adder.
The adder is severely wounded.
The adder bites you.
* * * LOW HITPOINT WARNING * * *
Your ball python closely misses the adder. x2
Casting: Sticks to Snakes (safe; 11% risk of failure)
Confirm with . or Enter, or press ? or * to list all spells.
You create a snake!
You now have 3 arrows.
The adder bites you.
* * * LOW HITPOINT WARNING * * *
You are more poisoned.
The adder poisons you!
Your ball python misses the adder.
Your ball python grabs the adder.
Your ball python constricts the adder.
You die...

##### ###....
#.....# #...S.#
###...SS########
........#......#
###..[.@#.####.###
#####.#.#......#
#.#.##...#.#
#.#.######.#
#.#......#.#
#.######.#.# #.#
#.#.# #.######.#<#
#........#.#


You could see an adder and 2 friendly ball pythons.

Vanquished Creatures
  An adder (D:2)
  An ooze (D:1)
  2 dart slugs (D:1)
  5 bats (D:1)
  A goblin (D:1)
  3 hobgoblins (D:1)
  A frilled lizard (D:1)
  7 kobolds (D:1)
  5 rats (D:1)
26 creatures vanquished.

Vanquished Creatures (collateral kills)
  2 jackals (D:1)
  A bat (D:1)
  A kobold (D:1)
4 creatures vanquished.

Grand Total: 30 creatures vanquished

Notes
Turn   | Place    | Note
-------+----------+-------------------------------------------
     0 | D:1      | Bronimir the Merfolk Transmuter began the quest for the
                  | Orb.
     0 | D:1      | Reached XP level 1. HP: 15/15 MP: 3/3
   265 | D:1      | Reached XP level 2. HP: 21/21 MP: 5/5
   423 | D:1      | Learned a level 2 spell: Sticks to Snakes
   839 | D:1      | Reached skill level 4 in Unarmed Combat
   856 | D:1      | Reached XP level 3. HP: 16/26 MP: 2/6
  1044 | D:1      | Learned a level 3 spell: Spider Form
  1618 | D:2      | HP: 1/26 [adder (4)]
  1619 | D:2      | Succumbed to an adder's poison

Levels and vault maps discovered:
D:1:      doesnt_arrival_eight_statues, layout_loops_ring, due_unseen_surprise
D:2:      layout_basic, lemuel_crystal_altar, nemelex_xobeh_ov_fountains_minmay,
          nemelex_spade_bored_becter

Skill      XL: |  1  2  3 |
---------------+----------+-----
Dodging        | 3 |  3.2
Unarmed Combat | 4 |  4.1
Transmutations | 3 |  3.3
Fighting       | |  1.1
Stealth        | |  0.1
Spellcasting   | |  2.3

Action                   || total
-------------------------++-------
Melee: Unarmed           ||    93
       Headbutt          ||     1
 Cast: Sticks to Snakes  ||     9
       Beastly Appendage ||     1
 Stab: Sleeping          ||     4
  Eat: Chunk             ||     2
Armor: Robe              ||    15
Dodge: Dodged            ||    46
